 Dungeon Crawl Stone Soup version 0.27-a0-1105-g946c659c87 (webtiles) character file.

Game seed: 12149316440596177381

5251 robertstho the Covert (level 10, -11/103 HPs)
             Began as an Octopode Berserker on Apr 29, 2021.
             Was an Elder of Trog.
             Mangled by a two-headed ogre
             ... wielding a +0 dire flail of protection
              (18 damage)
             ... on level 9 of the Dungeon.
             The game lasted 00:12:27 (8736 turns).

robertstho the Covert (Octopode Berserker)          Turns: 8736, Time: 00:12:27

Health: -11/103    AC:  1    Str: 18    XL:     10   Next: 62%
Magic:  0/10       EV: 17    Int: 10    God:    Trog [****..]
Gold:   541        SH:  5    Dex: 19    Spells: 9/9 levels left

rFire    . . .     SeeInvis .   c - +0 short sword (elec)
rCold    . . .     Faith    .   g - +0 buckler
rNeg     . . .     Spirit   +   (helmet restricted)
rPois    .         Reflect  .   t - amulet of guardian spirit
rElec    .         Harm     .   s - +6 ring of dexterity
rCorr    .         Rampage  .   (no ring)
Will     .....                  (no ring)
Stlth    ..........             (no ring)
HPRegen  0.27/turn              (no ring)
MPRegen  0.12/turn              (no ring)
                                (no ring)
                                (no ring)

@: berserking (expiring), very quick
A: almost no armour, amphibious, 8 rings, camouflage 1, gelatinous body 1,
(nimble swimmer 1), tentacles
a: Renounce Religion, Berserk, Trog's Hand, Brothers in Arms


You were on level 9 of the Dungeon.
You worshipped Trog.
Trog was greatly pleased with you.
You visited 1 branch of the dungeon, and saw 9 of its levels.
You also visited: Sewer.

You collected 541 gold pieces.

Inventory:

Hand Weapons
 c - a +0 short sword of electrocution (weapon)
Missiles
 d - 12 curare-tipped darts
 k - 2 throwing nets
Armour
 g - a +0 buckler (worn)
Jewellery
 s - a +6 ring of dexterity (left tentacle)
 t - an amulet of guardian spirit (around mantle)
Wands
 A - a wand of polymorph (13)
 C - a wand of acid (7)
Scrolls
 a - a scroll of acquirement {unknown}
 b - 4 scrolls of enchant weapon
 e - a scroll of summoning {unknown}
 f - 2 scrolls of teleportation
 h - a scroll of enchant armour {unknown}
 p - a scroll of holy word
 q - a scroll of fear {unknown}
 r - 3 scrolls of silence
 x - a scroll of blinking {unknown}
 y - 2 scrolls of fog
 z - a scroll of immolation {unknown}
Potions
 i - 4 potions of brilliance {unknown}
 j - 4 potions of flight {unknown}
 l - 2 potions of lignification
 m - 5 potions of curing
 n - a potion of attraction
 o - a potion of cancellation
 u - 3 potions of heal wounds
 v - 3 potions of might
 w - 2 potions of magic


   Skills:
 * Level 6.8 Fighting
 + Level 7.4 Short Blades
 * Level 7.1 Dodging
 * Level 13.9 Stealth
 + Level 2.5 Shields


You had 9 spell levels left.
You didn't know any spells.
Your spell library was empty.

Dungeon Overview and Level Annotations

Branches:
Dungeon (9/15)             Temple (0/1) D:6             Orc (0/2) D:9
  Sewer (visited)
   Lair: D:8-11

Altars:
Cheibriados
Fedhas
Hepliaklqana
Kikubaaqudgha
Ru
Sif Muna
Trog
Uskayaw
Xom
The Shining One


Innate Abilities, Weirdness & Mutations

You cannot wear most types of armour.
You are amphibious.
You can wear up to eight rings at the same time.
Your skin changes colour to match your surroundings (Stealth+).
Your rubbery body absorbs attacks. (AC +1, EV +1)
((You are camouflaged near water. (Stealth+)))
You have tentacles for arms and can constrict up to eight enemies at once.


Message History

You puncture the deep elf pyromancer! You squeeze the deep elf pyromancer!
The deep elf pyromancer is almost dead.
You constrict the deep elf pyromancer.
The deep elf pyromancer casts a spell at you.
The sticky flame hits you!
You are covered in liquid flames!
You puncture the deep elf pyromancer!
You kill the deep elf pyromancer!
Trog accepts your kill.
Trog appreciates your killing of a magic user.
You are covered in liquid flames!
Your Dodging skill increases to level 7!
A two-headed ogre comes into view.
It is wielding a +0 dire flail of protection and a +0 giant club.
You are covered in liquid flames!
Things that are here:
a +0 rapier; the +1 robe "Ingir" {+Inv rF+}; a scroll of holy word You feel a strong urge to attack something.
You are covered in liquid flames!
You closely miss the two-headed ogre. You squeeze the two-headed ogre!
The two-headed ogre is lightly wounded.
You are covered in liquid flames!
You hit the two-headed ogre.
Lightning courses through the two-headed ogre!
The two-headed ogre is heavily wounded.
You are covered in liquid flames!
The two-headed ogre hits you with a +0 dire flail of protection.
The two-headed ogre hits you with a +0 giant club!!
* * * LOW HITPOINT WARNING * * *
You hit the two-headed ogre.
Your squeeze misses the two-headed ogre.
The two-headed ogre is heavily wounded.
You hit the two-headed ogre.
Lightning courses through the two-headed ogre!
The two-headed ogre is severely wounded.
You hit the two-headed ogre.
The two-headed ogre is almost dead.
The two-headed ogre hits you with a +0 dire flail of protection!
* * * LOW HITPOINT WARNING * * *
The two-headed ogre hits you with a +0 giant club!!
You die...

#.#u.p.
#.#.#.#.##.....#####
....e#. ..#[#.............#
#.#F... ##
#.#.#.##....)###.# #...e..
#..##.##.^#.....# # #..##
#.....#.#.....# # .#Z#
#...#.#...#.....#
#####.#########.#####.#####
#...#.#...#.....O.....##
#.#.#.#.#.#.....@)...>.#
#...#...#[#.#....###.###
#...#...#.#.).#### #.#
..#.#.#.#.).### #..
#.#...#...#)# ##..
#.#...#...#)# ...
#.#.#.#.#.#.# ....
#...#.#...#.# ##.#.
#####.#####.#


You could see a two-headed ogre.

Vanquished Creatures
  A deep elf pyromancer (D:9)
  A hornet (D:9)
  A troll (D:9)
  A shadow (D:9)
  The ghost of MrDNA the Bolt Thrower, an amateur OpHu (D:5)
  Duvessa (D:6)
  4 water moccasins
  2 orc warriors (D:9)
  A black bear (D:5)
  An ice beast (D:7)
  3 ogres
  3 centaurs
  2 phantoms
  A kobold brigand (D:6)
  A gnoll sergeant (D:8)
  A wyvern zombie (D:9)
  5 bullfrogs
  A scorpion (D:5)
  Dowan (D:6)
  2 water moccasin zombies (D:5)
  2 water moccasin skeletons (D:6)
  A howler monkey (D:4)
  4 wights (D:4)
  2 bullfrog zombies (D:4)
  A centaur zombie (D:7)
  4 crimson imps (D:5)
  A centaur skeleton (D:6)
  4 hounds
  2 jellies
  A gnoll shaman (D:3)
  A human zombie (D:4)
  An orc priest (D:7)
  4 bullfrog skeletons
  An iguana (D:5)
  5 orc wizards
  2 hound zombies (D:4)
  A howler monkey zombie (D:4)
  11 gnolls
  7 adders
  4 river rats (Sewer)
  A shadow imp (D:7)
  A white imp (D:6)
  4 ufetubi
  3 adder zombies
  2 worms
  2 dart slugs (D:5)
  20 orcs
  2 bats
  7 endoplasms
  8 giant cockroaches
  6 goblins
  2 hobgoblins
  11 jackals
  13 kobolds
  7 quokkas
  11 ball pythons
  14 frilled lizards
  9 rats
216 creatures vanquished.

Vanquished Creatures (collateral kills)
  A two-headed ogre (D:9)
  An acid dragon (D:9)
  A centaur (D:9)
  A howler monkey (D:9)
  A centaur zombie (D:9)
5 creatures vanquished.

Vanquished Creatures (others)
  A fungus (D:8)
  5 plants (D:8)
6 creatures vanquished.

Grand Total: 227 creatures vanquished

Notes
Turn   | Place    | Note
-------+----------+-------------------------------------------
     0 | D:1      | robertstho the Octopode Berserker began the quest for the
                  | Orb.
     0 | D:1      | Reached XP level 1. HP: 16/16 MP: 1/1
   730 | D:1      | Reached XP level 2. HP: 15/21 MP: 2/2
  1244 | D:2      | Reached skill level 1 in Stealth
  1306 | D:2      | Reached XP level 3. HP: 22/26 MP: 3/3
  1454 | D:2      | Reached ** piety under Trog
  1534 | D:2      | Found a faded altar of an unknown god.
  1564 | D:2      | Reached skill level 2 in Stealth
  1564 | D:2      | Reached XP level 4. HP: 26/31 MP: 4/4
  2341 | D:3      | Reached skill level 3 in Stealth
  2889 | D:3      | Reached XP level 5. HP: 37/37 MP: 5/5
  3237 | D:3      | Reached skill level 4 in Stealth
  3604 | D:4      | Reached XP level 6. HP: 43/43 MP: 6/6
  3646 | D:4      | Reached skill level 5 in Stealth
  3991 | D:4      | Reached XP level 7. HP: 46/49 MP: 7/7
  4565 | D:4      | Reached *** piety under Trog
  4566 | D:4      | Reached skill level 6 in Stealth
  4599 | D:4      | Found an ancient bone altar of Kikubaaqudgha.
  4628 | D:4      | Reached skill level 7 in Stealth
  4628 | D:4      | Reached skill level 1 in Shields
  4635 | D:4      | Reached skill level 5 in Short Blades
  4635 | D:4      | Reached XP level 8. HP: 40/54 MP: 6/8
  4830 | D:5      | Entered Level 5 of the Dungeon
  4830 | D:5      | Found a shimmering blue altar of Sif Muna.
  4886 | D:5      | Found a glowing drain.
  4901 | Sewer    | Entered a sewer
  4956 | Sewer    | Reached skill level 5 in Fighting
  5032 | Sewer    | Reached skill level 5 in Dodging
  5287 | D:5      | Reached skill level 8 in Stealth
  5334 | D:5      | Reached **** piety under Trog
  5349 | D:5      | Reached skill level 9 in Stealth
  5516 | D:5      | Found a snail-covered altar of Cheibriados.
  5555 | D:5      | Found a runed translucent gate.
  5556 | D:5      | Found a runed translucent gate.
  5597 | D:5      | Found a shimmering altar of Xom.
  5630 | D:5      | Reached skill level 10 in Stealth
  5687 | D:5      | Found a blossoming altar of Fedhas.
  5734 | D:5      | Found a runed translucent gate.
  5734 | D:5      | Noticed MrDNA's ghost (amateur OpHu)
  5762 | D:5      | Found a hazy altar of Hepliaklqana.
  5785 | D:5      | Found a sacrificial altar of Ru.
  5867 | D:5      | Reached XP level 9. HP: 61/61 MP: 9/9
  6004 | D:5      | Killed MrDNA's ghost
  6005 | D:5      | Reached skill level 11 in Stealth
  6375 | D:6      | Found a staircase to the Ecumenical Temple.
  6375 | D:6      | Noticed Duvessa
  6375 | D:6      | Noticed Dowan
  6394 | D:6      | Killed Duvessa
  6395 | D:6      | Killed Dowan
  6489 | D:6      | Found a bloodstained altar of Trog.
  6822 | D:6      | Reached skill level 12 in Stealth
  6887 | D:6      | Found a glowing golden altar of the Shining One.
  6920 | D:6      | Found a hide-covered altar of Uskayaw.
  7637 | D:8      | Reached skill level 13 in Stealth
  7662 | D:9      | Reached XP level 10. HP: 36/68 MP: 2/10
  7811 | D:9      | Noticed a deep elf pyromancer
  7811 | D:9      | Noticed a cane toad
  7812 | D:9      | Noticed a purple ugly thing
  7812 | D:9      | Noticed a wizard
  7856 | D:9      | Found a staircase to the Orcish Mines.
  7873 | D:9      | Paralysed by a hornet for 3 turns
  8136 | D:9      | Noticed a two-headed ogre
  8144 | D:9      | Killed a two-headed ogre
  8534 | D:9      | Noticed a deep elf pyromancer
  8714 | D:9      | Identified the +1 robe "Ingir" {+Inv rF+}
  8729 | D:9      | Killed a deep elf pyromancer
  8730 | D:9      | Noticed a two-headed ogre
  8736 | D:9      | Mangled by a two-headed ogre

Illustrated notes

Levels and vault maps discovered:
D:1:      dpeg_arrival_windows_large_door, layout_basic, patterned_corridor
D:2:      layout_rooms, basic_ecumenical_altar
D:3:      minmay_inner_zag, layout_basic, minmay_cupped
D:4:      layout_rooms, lemuel_mausoleum_altar_kikubaaqudgha, sigmund_army
D:5:      layout_basic, overflow_temple_1_default, hangedman_ru_absence,
          fedhas_ov_isle_minmay, kennysheep_slug_shrine,
          nzn_hepliaklqana_mist_gate, led_xom_imps, gup_sewer_entry_pipe,
          gammafunk_ghost_split
D:6:      layout_loops_ring, tso_oasis_becter, nicolae_uskayaw_suspiria,
          old_standard_altar, minmay_temple_entry_grid, uniq_duvessa
D:7:      layout_rooms
D:8:      layout_basic, lemuel_crystal_altar, grunt_lair_entry_orc_guard_hut,
          kennysheep_generic_room_9, uniq_maggie, uniq_pikel, uniq_gastronok
D:9:      minmay_the_grid_net [minmay_the_grid_odd_star,
          minmay_the_grid_outer_circle, minmay_the_grid_box_x,
          minmay_the_grid_square_x, minmay_the_grid_broken_lines,
          minmay_the_grid_prize_big_room], layout_rooms, hangedman_decor_push,
          amcnicky_mini_pool_small, lightli_corner_chamber

Skill      XL: |  1  2  3  4  5  6  7  8  9 10 |
---------------+-------------------------------+-----
Stealth        | 1 2 3 4 5 7 10 13 | 13.9
Short Blades   | 4 5 6 7 |  7.4
Dodging        | 4 5 6 7 |  7.1
Fighting       | 4 5 6 |  6.8
Shields        | 1 2 |  2.5

Action                   |  1- 3 |  4- 6 |  7- 9 | 10-12 || total
-------------------------+-------+-------+-------+-------++-------
Melee: Short sword       |    52 |   100 |   212 |    56 ||   420
       Tentacles         |     8 |    22 |    45 |    16 ||    91
       Constrict         |     9 |    18 |    43 |    10 ||    80
Invok: Berserk           |       |     3 |     5 |     4 ||    12
       Trog's Hand       |       |       |     1 |     1 ||     2
       Brothers in Arms  |       |       |       |     2 ||     2
  Use: Scroll            |       |     7 |     8 |       ||    15
       Potion            |       |       |     1 |     1 ||     2
 Stab: Sleeping          |    14 |     8 |    42 |       ||    64
       Distracted        |       |       |     1 |       ||     1
Armor: Skin              |     2 |     4 |     8 |       ||    14
Dodge: Dodged            |    26 |    62 |    97 |    31 ||   216
Block: Buckler           |     2 |    17 |    31 |    11 ||    61

Table legend: (Time is in decaauts)
 A = Elapsed time spent in this place.
 B = Non-inter-level travel time spent in this place.
 C = Inter-level travel time spent in this place.
 D = Time resting spent in this place.
 E = Time spent auto-exploring this place.
 F = Levels seen in this place.
 G = Mean time per level.
                   A        B        C        D        E       F      G
               +--------+--------+--------+--------+--------+-----+--------+
         Total |   8806 |   8441 |    365 |   1340 |   5690 |  10 |  880.6 |
       Dungeon |   8442 |   8077 |    365 |   1340 |   5462 |   9 |  938.0 |
         Sewer |    364 |    364 |      0 |      0 |    228 |   1 |  364.0 |
               +--------+--------+--------+--------+--------+-----+--------+

Top non-repeatable levels by time:
     D:3: 1692 daAuts
     D:4: 1258 daAuts
     D:1: 1240 daAuts
     D:9: 1117 daAuts
     D:5: 891 daAuts
     D:6: 875 daAuts
     D:7: 660 daAuts
     D:2: 649 daAuts
   Sewer: 364 daAuts
     D:8: 57 daAuts
